 Dungeon Crawl Stone Soup version 0.21-a0-401-g0b6bec4 (webtiles) character file.

8008 Spoonicorn the Slicer (level 11, -1/153 HPs)
             Began as a Minotaur Berserker on Oct 23, 2017.
             Was a High Priest of Trog.
             Slain by an orc warrior
             ... wielding a +0 glaive
              (13 damage)
             ... in a bailey.
             The game lasted 00:34:25 (7831 turns).

Spoonicorn the Slicer (Minotaur Berserker)          Turns: 7831, Time: 00:34:26

Health: -1/153     AC: 17    Str: 29    XL:     11   Next: 4%
Magic:  10/10      EV: 11    Int:  5    God:    Trog [*****.]
Gold:   494        SH:  6    Dex: 10    Spells: 10/10 levels left

rFire    . . .     SeeInvis .   P - +0 scimitar
rCold    . . .     Gourm    .   N - +2 buckler
rNeg     . . .     Faith    .   M - +0 plate armour
rPois    .         Spirit   .   (helmet restricted)
rElec    .         Reflect  .   K - scarf {cloud immunity}
rCorr    .         Harm     .   C - +0 pair of gloves
MR       ++...                  (no boots)
Stlth    ..........             (no amulet)
HPRegen  1.35/turn              S - +2 ring of evasion
MPRegen  0.12/turn              q - +1 ring of protection

@: mighty, berserking (expiring), regenerating, very quick
A: retaliatory headbutt, horns 2
a: Berserk, Trog's Hand, Brothers in Arms, Burn Spellbooks, Renounce Religion


You were in a bailey.
You worshipped Trog.
Trog was extremely pleased with you.
You were very hungry.

You visited 1 branch of the dungeon, and saw 10 of its levels.
You also visited: Bailey.

You collected 494 gold pieces.

Inventory:

Hand Weapons
 a - a +0 short sword
 H - a +3 short sword
 P - a +0 scimitar (weapon)
Armour
 C - a +0 pair of gloves (worn)
 K - a scarf of cloud immunity (worn)
 M - a +0 plate armour (worn)
 N - a +2 buckler (worn)
Jewellery
 j - an uncursed ring of poison resistance
 p - an uncursed ring of fire
 q - a +1 ring of protection (right hand)
 S - a +2 ring of evasion (left hand)
Wands
 t - a wand of lightning (7/15)
 I - a wand of paralysis (13/24)
 L - a wand of lightning (15/15)
Scrolls
 b - 2 scrolls of teleportation
 e - 2 scrolls of remove curse
 f - 2 scrolls of fog
 g - 6 scrolls of identify
 m - 4 scrolls of recharging
 w - 3 scrolls of fear
 y - a scroll of enchant armour
 A - a scroll of noise {unknown}
 E - a scroll of enchant weapon {unknown}
 G - a scroll of immolation {unknown}
Potions
 d - 7 potions of heal wounds
 i - 12 potions of curing
 k - 2 potions of mutation {unknown}
 n - 2 potions of haste
 o - 2 potions of resistance {unknown}
 s - 2 potions of cancellation {unknown}
 u - a potion of flight {unknown}
 v - 4 potions of brilliance
 z - 2 potions of might
 D - a potion of agility {unknown}
 F - a potion of ambrosia {unknown}
 J - a potion of invisibility {unknown}
Books
 h - a book of Changes

   Spells                             Type                      Level
   a - Beastly Appendage              Transmutation                1
   b - Sticks to Snakes               Transmutation                2
   c - Spider Form                    Transmutation/Poison         3
   d - Ice Form                       Ice/Transmutation            4
   e - Blade Hands                    Transmutation                5
   Trog disapproves of the use of such an item.
Comestibles
 c - 7 bread rations
 l - 6 meat rations
 r - 3 royal jellies
 B - 3 fruits


   Skills:
 + Level 11.0 Fighting
 + Level 11.5 Short Blades
 + Level 10.9 Armour
 - Level 4.5 Dodging
 - Level 1.1 Stealth
 + Level 3.7 Shields


You had 10 spell levels left.
You didn't know any spells.

Dungeon Overview and Level Annotations

Branches:
Dungeon (10/15)            Temple (0/1) D:4
   Lair: D:8-11         Orc: D:9-12

Altars:
Dithmenos
Gozag
Kikubaaqudgha
Nemelex Xobeh
Okawaru
Trog
Wu Jian
Yredelemnul
Zin

Shops:
D:2 *   D:8 }


Innate Abilities, Weirdness & Mutations

You reflexively headbutt those who attack you in melee.
You have a pair of horns on your head.


Message History

Trog accepts your kill. You block the orc's attack.
The orc knight hits you from afar with a halberd!
The orc warrior hits you with a glaive!!
* * * LOW HITPOINT WARNING * * *
The orc hits you but does no damage.
The orc hits you from afar with a trident.
* * * LOW HITPOINT WARNING * * *
You block the orc warrior's attack.
The orc hits you from afar with a halberd!
* * * LOW HITPOINT WARNING * * *
You block the orc's attack. The orc closely misses you.
You riposte.
You closely miss the orc. Your headbutt misses the orc.
You see here a hand axe.
You closely miss the orc.
The orc knight hits you with a halberd!!
* * * LOW HITPOINT WARNING * * *
The orc closely misses you. You block the orc warrior's attack.
The orc warrior hits you from afar with a glaive!
You die...

#+++++#
##.....##
#.......#
#.......#
#..oo...#
#.oo)o..#
#.o@oo..#
##o....##
##'''##
#.....#
#.....#
#.....#
#.....#
#.....#
##'''##


You could see an orc knight, 2 orc warriors and 6 orcs.

Vanquished Creatures
  A two-headed ogre (D:5)
  An ugly thing (D:7)
  Joseph (D:7)
  A hippogriff (D:9)
  4 yaks (D:9)
  2 hungry ghosts
  The ghost of Yermak the Insei, an amateur DgTm (D:3)
  Grum (D:10)
  2 water moccasins (D:7)
  6 orc warriors
  Duvessa (D:7)
  An ice beast (D:6)
  A black bear (D:6)
  A phantom (D:6)
  3 sky beasts
  A hornet zombie (D:6)
  5 ogres
  4 centaurs
  3 wolves (D:10)
  6 bullfrogs
  A gnoll sergeant (D:8)
  Dowan (D:7)
  A wyvern zombie (D:8)
  A water moccasin skeleton (D:4)
  2 scorpions (D:4)
  5 wights (D:7)
  3 jellies
  6 crimson imps
  2 bullfrog zombies (D:8)
  5 hounds
  2 centaur skeletons
  4 orc priests
  A gnoll shaman (D:4)
  A bullfrog skeleton (D:5)
  An iguana (D:8)
  10 worker ants
  13 orc wizards
  A hound zombie (D:6)
  A hound skeleton (D:5)
  A howler monkey zombie (D:6)
  2 worker ant zombies
  Robin (D:2)
  15 adders
  16 gnolls
  4 shadow imps
  2 oozes (D:2)
  An adder zombie (D:8)
  A worm (D:2)
  2 dart slugs
  5 leopard geckos
  38 orcs
  4 ball pythons
  10 bats
  10 giant cockroaches
  10 goblins
  15 hobgoblins
  3 jackals (D:1)
  9 kobolds
  5 quokkas
  4 frilled lizards
  2 jackal zombies
  A leopard gecko zombie (D:5)
  A quokka zombie (D:5)
  8 rats
  A spectral orc (D:8)
278 creatures vanquished.

Vanquished Creatures (collateral kills)
  2 orc warriors (Bailey)
  13 orcs (Bailey)
15 creatures vanquished.

Grand Total: 293 creatures vanquished

Notes
Turn   | Place    | Note
-------+----------+-------------------------------------------
     0 | D:1      | Spoonicorn the Minotaur Berserker began the quest for the Orb.
     0 | D:1      | Reached XP level 1. HP: 19/19 MP: 0/0
   392 | D:1      | Reached XP level 2. HP: 27/27 MP: 1/1
   667 | D:1      | Reached ** piety under Trog
   692 | D:1      | Reached XP level 3. HP: 19/33 MP: 2/2
  1452 | D:2      | Noticed Robin
  1462 | D:2      | Reached XP level 4. HP: 41/41 MP: 3/3
  1467 | D:2      | Killed Robin
  1534 | D:2      | Found an iron altar of Okawaru.
  1650 | D:2      | Found Zin's Purification Station.
  1650 | D:2      | Found a glowing silver altar of Zin.
  2248 | D:3      | Reached XP level 5. HP: 46/47 MP: 4/4
  2394 | D:3      | Reached skill level 5 in Short Blades
  2491 | D:3      | Reached skill level 5 in Fighting
  2530 | D:3      | Reached *** piety under Trog
  2812 | D:3      | Reached XP level 6. HP: 56/56 MP: 5/5
  2977 | D:3      | Found an opulent altar of Gozag.
  2983 | D:3      | Noticed Yermak's ghost (amateur DgTm)
  3011 | D:3      | Killed Yermak's ghost
  3302 | D:4      | Reached XP level 7. HP: 41/61 MP: 6/6
  3309 | D:4      | Reached skill level 5 in Armour
  3329 | D:4      | Found a staircase to the Ecumenical Temple.
  3416 | D:4      | Found an ancient bone altar of Kikubaaqudgha.
  3419 | D:4      | Found a bloodstained altar of Trog.
  3575 | D:4      | Found an ornate altar of the Wu Jian Council.
  3794 | D:4      | Found a shadowy altar of Dithmenos.
  3877 | D:5      | Entered Level 5 of the Dungeon
  3915 | D:5      | Reached **** piety under Trog
  3940 | D:5      | Reached XP level 8. HP: 71/71 MP: 7/7
  3947 | D:5      | Noticed a two-headed ogre
  3952 | D:5      | Killed a two-headed ogre
  3952 | D:5      | Reached skill level 1 in Stealth
  4202 | D:5      | Reached XP level 9. HP: 79/79 MP: 8/8
  5034 | D:6      | Reached ***** piety under Trog
  5046 | D:6      | Reached skill level 10 in Short Blades
  6023 | D:7      | Noticed Duvessa
  6024 | D:7      | Noticed Dowan
  6037 | D:7      | Killed Duvessa
  6046 | D:7      | Reached XP level 10. HP: 90/91 MP: 9/9
  6054 | D:7      | Killed Dowan
  6152 | D:7      | Noticed Joseph
  6160 | D:7      | Killed Joseph
  6247 | D:7      | Noticed a green ugly thing
  6261 | D:7      | Killed a green ugly thing
  6261 | D:7      | Reached skill level 10 in Fighting
  6364 | D:7      | Reached skill level 10 in Armour
  6506 | D:8      | Found a sparkling altar of Nemelex Xobeh.
  6602 | D:8      | Found a basalt altar of Yredelemnul.
  6799 | D:8      | Found Julof's Quality Used Wands.
  7071 | D:9      | Reached skill level 1 in Shields
  7496 | D:9      | Received a gift from Trog
  7633 | D:10     | Entered Level 10 of the Dungeon
  7641 | D:10     | Noticed Grum
  7668 | D:10     | Killed Grum
  7679 | D:10     | Found a flagged portal.
  7693 | Bailey   | Entered a bailey
  7705 | Bailey   | Reached XP level 11. HP: 102/102 MP: 10/10
  7818 | Bailey   | Noticed an orc knight
  7831 | Bailey   | Slain by an orc warrior

Vault maps used:
D:1:      sevenhm_arrival_forest_fort_large_4, minmay_small_reverse_x
D:2:      zin_purify, okawaru_trees_2, minmay_cut_off, uniq_robin
D:3:      mumra_celtic_spiral_tile, grunt_gozag_statues
D:4:      nicolae_overflow_hidden_temple, marbit_many_paths,
          nicolae_overflow_crystal_walls, minmay_temple_entry_butterflies
D:5:      first_bread
D:6:      grunt_tough_drop
D:7:      uniq_joseph, uniq_duvessa
D:8:      minmay_curly_fans, yredelemnul_forgotten_temple_becter, basic_altar,
          nicolae_for_you_no_charge
D:10:     enter_bailey_2, grunt_tengu_nest, uniq_grum, uniq_maurice
Bailey:   bailey_polearm_5, bailey

Skill      XL: |  1  2  3  4  5  6  7  8  9 10 |
---------------+-------------------------------+-----
Fighting       | 4 5 6 7 9 11 | 11.0
Short Blades   | 4 5 6 7 8 10 11 | 11.5
Dodging        | 3 4 |  4.5
Armour         | 3 4 6 7 9 10 | 10.9
Stealth        | 1 |  1.1
Shields        | 3 |  3.7

Action                   |  1- 3 |  4- 6 |  7- 9 | 10-12 || total
-------------------------+-------+-------+-------+-------++-------
Melee: Short sword       |    94 |   178 |   415 |   173 ||   860
       Headbutt          |    12 |    32 |    98 |    71 ||   213
       Scimitar          |       |       |       |   112 ||   112
Invok: Berserk           |     1 |     1 |     3 |     3 ||     8
       Trog's Hand       |       |       |       |     2 ||     2
       Brothers in Arms  |       |       |       |     2 ||     2
       Burn Spellbooks   |       |       |       |     1 ||     1
  Use: Scroll            |       |       |     8 |     7 ||    15
       Potion            |       |       |     1 |     1 ||     2
  Eat: Chunk             |     2 |     7 |    12 |     9 ||    30
       Bread ration      |       |       |       |     1 ||     1
Armor: Animal skin       |    10 |       |       |       ||    10
       Ring mail         |    23 |    12 |       |       ||    35
       Chain mail        |       |    69 |   158 |    56 ||   283
       Plate armour      |       |       |       |    73 ||    73
Dodge: Dodged            |    69 |    56 |   139 |   129 ||   393
Block: Buckler           |       |       |       |    79 ||    79
       Rpst.: Scimitar   |       |       |       |    10 ||    10

Table legend:
 A = Spawn XP
 B = Non-spawn XP
 C = Spawn XP percentage of total XP
 D = Spawn monster count
 E = Non-spawn monster count
 F = Spawn count percentage of total count
 G = Total turns spent on level
                    A         B        C        D         E        F      G
               +---------+---------+-------+---------+---------+-------+---------
         Total |       0 |   11440 |   0.0 |       0 |     293 |   0.0 |  7831
               +---------+---------+-------+---------+---------+-------+---------
           D:1 |       0 |      63 |   0.0 |       0 |      36 |   0.0 |  1374
           D:2 |       0 |     119 |   0.0 |       0 |      31 |   0.0 |   834
           D:3 |       0 |     449 |   0.0 |       0 |      30 |   0.0 |  1061
           D:4 |       0 |     716 |   0.0 |       0 |      29 |   0.0 |   608
           D:5 |       0 |    1740 |   0.0 |       0 |      31 |   0.0 |   721
           D:6 |       0 |    1495 |   0.0 |       0 |      29 |   0.0 |   975
           D:7 |       0 |    2592 |   0.0 |       0 |      28 |   0.0 |   883
           D:8 |       0 |    1062 |   0.0 |       0 |      22 |   0.0 |   547
           D:9 |       0 |    1905 |   0.0 |       0 |      24 |   0.0 |   630
          D:10 |       0 |     626 |   0.0 |       0 |       6 |   0.0 |    60
        Bailey |       0 |     673 |   0.0 |       0 |      27 |   0.0 |   138
               +---------+---------+-------+---------+---------+-------+---------
